Map: Oxide LE

Players

Shubit

  • Race: Zerg Zerg

YouGoudaLose - Winner!

  • Race: Terran Terran
  • League: Diamond

VOD

Have the link to the VOD?

Description

Time

  • Played on: April 28, 2021, 2:45 a.m.
  • Length: 38:40
Show
View Real Time Build Order
Export as new Build Order

Shubit Zerg 

Build Orders: Hatch First, Lurkers 

Get SALT Encoding   

  12  0:00  Drone  
  13  0:12  Overlord  
  13  0:21  Drone  
  14  0:39  Drone x3  
  17  0:52  Drone  
  18  0:58  Hatchery  
  18  1:01  Drone  
  18  1:13  Spawning Pool  
  18  1:16  Drone  
  18  1:20  Extractor  
  17  1:31  Drone  
  18  1:42  Drone  
  19  1:48  Overlord  
  19  1:58  Drone  
  20  2:01  Queen  
  22  2:11  Queen  
  22  2:14  Drone x2  
  26  2:24  Zergling x2  
  26  2:25  Zergling x2  
  28  2:35  Drone x2  
  30  2:38  Lair  
  30  2:46  Queen  
  30  2:47  Drone x2  
  34  2:54  Evolution Chamber  
  33  3:09  Drone x3  
  33  3:12  Overlord x2  
  36  3:28  Zerg Missile Weapons Level 1  
  36  3:33  Roach Warren  
  35  3:37  Drone x5  
  35  3:38  Drone  
  41  3:43  Drone x3  
  41  3:47  Extractor  
  41  3:48  Extractor  
  42  3:56  Overseer  
  42  3:59  Drone  
  42  4:00  Overlord x2  
  43  4:10  Drone x5  
  43  4:11  Drone  
  43  4:12  Glial Reconstitution  
  49  4:36  Roach x5  
  58  4:58  Queen  
  62  5:00  Roach x4  
  62  5:02  Overlord  
  62  5:06  Hatchery  
  67  5:21  Hydralisk Den  
  67  5:23  Zerg Ground Armor Level 1  
  67  5:24  Extractor  
  64  5:32  Overlord x3  
  64  5:33  Roach  
  64  5:34  Roach x3  
  72  5:45  Roach  
  74  5:52  Hydralisk x3  
  72  6:23  Drone  
  72  6:24  Drone x10  
  72  6:25  Drone  
  84  6:38  Hydralisk x4  
  84  6:39  Hydralisk x2  
  96  6:47  Evolution Chamber  
  96  6:48  Extractor  
  96  6:51  Extractor  
  96  6:52  Spore Crawler  
  92  6:54  Spore Crawler, Grooved Spines  
  91  7:04  Drone  
  91  7:06  Drone x4, Lurker Den  
  91  7:07  Roach x3  
  91  7:08  Overlord  
  101  7:14  Zerg Missile Weapons Level 2  
  93  7:42  Drone  
  93  7:43  Drone x6, Hydralisk x2  
  93  7:44  Hydralisk x4  
  112  7:52  Zerg Ground Armor Level 2  
  112  8:10  Hydralisk  
  113  8:33  Hatchery  
  108  8:45  Overlord x2  
  108  8:46  Overlord x4  
  108  8:49  Hatchery  
  93  9:08  Hydralisk x2  
  93  9:09  Roach x3, Hydralisk x3  
  101  9:10  Roach  
  101  9:16  Infestation Pit  
  102  9:37  Overlord  
  102  9:38  Hydralisk, Overlord x2  
  102  9:39  Hydralisk  
  106  9:57  Overseer  
  106  9:58  Overseer  
  99  10:03  Spore Crawler  
  87  10:19  Hive  
  88  10:35  Drone x2  
  88  10:36  Drone x3  
  88  10:37  Drone x3  
  88  10:38  Drone x6  
  101  10:47  Lurker x3  
  101  10:48  Lurker x6  
  101  10:49  Lurker  
  111  11:07  Hatchery  
  111  11:10  Spore Crawler  
  109  11:12  Spore Crawler  
  109  11:17  Spore Crawler  
  104  11:38  Hydralisk x2  
  104  11:39  Hydralisk x5  
  114  11:41  Roach  
  114  11:43  Drone  
  121  12:11  Spore Crawler  
  121  12:14  Spore Crawler  
  121  12:15  Spore Crawler  
  96  12:30  Hydralisk, Roach  
  96  12:31  Roach x2, Drone  
  96  12:32  Drone x6  
  96  12:33  Drone x7  
  96  12:34  Drone  
  96  12:36  Extractor  
  118  12:37  Extractor  
  118  12:39  Spore Crawler  
  114  12:47  Queen  
  109  13:10  Adaptive Talons  
  109  13:16  Spire  
  109  13:18  Hatchery  
  107  13:22  Queen  
  109  13:29  Zerg Missile Weapons Level 3  
  109  13:35  Zerg Ground Armor Level 3  
  108  13:58  Drone x3  
  108  13:59  Drone x5  
  116  14:07  Seismic Spines  
  116  14:33  Hydralisk  
  116  14:34  Corruptor, Hydralisk x6  
  116  14:35  Corruptor x2  
  134  14:39  Greater Spire  
  134  14:44  Drone x4  
  134  14:45  Drone x3  
  131  15:11  Drone x7  
  131  15:12  Drone x8  
  144  15:44  Corruptor x4  
  144  15:45  Corruptor x3  
  158  15:54  Spine Crawler x2  
  156  15:57  Spore Crawler  
  156  15:58  Spore Crawler  
  156  15:59  Extractor  
  140  16:26  Brood Lord x3  
  141  16:40  Drone x6  
  141  16:41  Drone x5  
  141  16:42  Drone x4  
  152  16:53  Corruptor, Brood Lord x3  
  158  16:54  Corruptor  
  115  17:18  Corruptor  
  115  17:19  Corruptor x4  
  108  17:48  Corruptor x7  
  108  17:49  Corruptor x2  
  115  17:59  Spore Crawler  
  115  18:01  Spore Crawler  
  115  18:05  Brood Lord x3  
  119  18:35  Hatchery  
  118  18:46  Drone  
  118  18:47  Drone x5  
  118  18:48  Drone x3  
  127  18:51  Drone  
  127  18:52  Corruptor x6  
  140  19:05  Brood Lord x2  
  140  19:06  Brood Lord  
  144  19:17  Corruptor x2  
  144  19:18  Corruptor  
  148  19:45  Hatchery  
  146  19:48  Hatchery  
  145  20:05  Brood Lord x2  
  137  20:47  Hatchery  
  135  20:50  Corruptor  
  135  20:51  Corruptor  
  135  20:54  Hatchery  
  130  21:23  Corruptor  
  130  21:24  Corruptor  
  134  21:36  Brood Lord  
  126  22:06  Drone x2  
  126  22:07  Drone x5  
  129  22:22  Brood Lord x2  
  129  22:44  Roach x6  
  122  22:45  Roach x2  
  131  23:10  Extractor  
  131  23:11  Extractor  
  129  23:19  Drone x2  
  131  23:20  Drone x7  
  138  23:31  Hatchery  
  137  23:44  Corruptor x3  
  119  24:48  Brood Lord x6  
  127  25:05  Corruptor x3  
  114  25:37  Corruptor x3  
  120  25:58  Hatchery  
  120  26:02  Drone x4  
  120  26:03  Drone x7  
  120  26:04  Drone  
  121  26:41  Corruptor x2  
  121  26:42  Corruptor x2  
  124  27:06  Hatchery  
  123  27:15  Corruptor x2  
  125  27:39  Roach x5  
  125  27:40  Roach x2  
  123  27:53  Drone  
  123  27:54  Drone x3  
  105  28:47  Zerg Flyer Weapons Level 1  
  101  28:55  Drone x4  
  104  28:56  Drone x10  
  104  28:57  Drone  
  116  29:12  Extractor  
  116  29:13  Drone x3, Extractor  
  116  29:14  Drone x2  
  119  29:21  Drone x5  
  124  29:44  Hydralisk Den  
  123  29:50  Roach Warren  
  122  30:20  Zergling x6  
  122  30:21  Zergling x20  
  116  30:22  Zergling x4  
  123  30:50  Roach x6  
  123  30:51  Roach x2  
  92  31:19  Drone x9  
  92  31:20  Drone x3  
  104  31:31  Roach x4  
  110  31:43  Hydralisk x2  
  110  31:44  Hydralisk, Roach  
  97  32:07  Brood Lord x3  
  97  32:08  Brood Lord x2  
  94  32:25  Burrow  
  92  32:50  Brood Lord  
  82  33:01  Zerg Flyer Armor Level 1  
  78  33:09  Brood Lord  
  65  33:47  Hatchery  
  63  34:07  Hydralisk x2, Roach x2  
  63  34:08  Roach, Hydralisk  
  75  34:18  Zergling x2  
  76  34:26  Roach  
  78  34:55  Zerg Flyer Weapons Level 2  
  78  35:04  Drone  
  78  35:05  Drone x8  
  87  35:29  Roach x3  
  93  35:50  Drone x4  
  93  35:51  Drone  
  98  36:02  Overseer  
  98  36:19  Corruptor x3  
  103  36:35  Corruptor  
  103  36:36  Corruptor  
  71  37:02  Drone x21  
  71  37:07  Brood Lord x4  
  75  37:19  Brood Lord  
  57  37:52  Drone  
  57  37:53  Zergling x2  
  57  37:54  Zergling x8  
Show
View Real Time Build Order
Export as new Build Order

YouGoudaLose Terran - Winner!

Build Orders: 2 Factory 

Get SALT Encoding   

  12  0:01  SCV  
  13  0:14  SCV  
  14  0:26  SCV  
  14  0:27  Supply Depot  
  14  0:28  Refinery  
  15  0:49  SCV  
  16  0:52  Barracks  
  16  1:01  SCV  
  17  1:13  SCV  
  17  1:14  Supply Depot  
  18  1:25  SCV  
  19  1:37  SCV  
  20  1:57  SCV  
  20  2:00  Bunker  
  20  2:01  Reaper  
  22  2:09  SCV  
  22  2:15  Refinery  
  23  2:21  SCV  
  24  2:25  Command Center  
  24  2:33  SCV, Supply Depot  
  25  2:45  SCV  
  26  2:57  SCV  
  27  2:59  Factory  
  27  3:03  Factory  
  27  3:11  SCV  
  28  3:14  Supply Depot  
  28  3:23  SCV  
  29  3:32  Supply Depot  
  29  3:46  Refinery  
  29  3:48  Refinery  
  29  3:52  Factory Tech Lab  
  29  3:53  Factory Tech Lab  
  29  3:55  SCV x2  
  30  3:58  Supply Depot, Engineering Bay  
  31  4:07  SCV x2  
  33  4:16  Cyclone  
  36  4:19  SCV  
  36  4:20  SCV  
  38  4:25  Cyclone  
  41  4:31  SCV  
  42  4:43  Starport  
  42  4:44  SCV x2  
  44  4:56  SCV  
  45  5:03  Cyclone x2  
  45  5:05  Mag-Field Accelerator  
  51  5:08  Supply Depot  
  51  5:21  Supply Depot  
  51  5:29  Viking  
  51  5:34  Planetary Fortress  
  51  5:35  Planetary Fortress  
  53  5:54  Command Center  
  53  5:59  Viking  
  52  6:15  Cyclone x2  
  58  6:27  SCV x2  
  62  6:34  Starport Tech Lab  
  62  6:39  Starport  
  60  6:52  Cyclone x2  
  66  6:54  Banshee  
  66  6:55  Cloaking Field  
  69  7:07  Supply Depot  
  69  7:08  Supply Depot  
  69  7:12  Command Center  
  69  7:17  Starport Tech Lab  
  67  7:28  Planetary Fortress  
  67  7:39  Banshee x2  
  67  7:43  Hyperflight Rotors  
  67  7:44  SCV x2  
  77  7:51  Widow Mine x2  
  77  7:56  SCV  
  83  8:12  SCV  
  83  8:13  Widow Mine x2, SCV  
  85  8:22  Banshee x2  
  85  8:24  SCV  
  69  8:35  SCV  
  69  8:37  SCV  
  71  8:43  Siege Tank x2  
  71  8:47  SCV  
  78  8:50  Supply Depot  
  78  8:51  SCV, Supply Depot  
  77  8:59  SCV  
  78  9:15  Siege Tank x2  
  84  9:17  Command Center  
  84  9:24  Fusion Core  
  84  9:25  Planetary Fortress  
  84  9:30  SCV x2  
  86  9:42  SCV x2  
  88  9:54  SCV  
  89  10:07  SCV x3  
  92  10:15  Siege Tank x2  
  92  10:19  SCV x3  
  101  10:30  Liberator x2  
  101  10:31  SCV  
  101  10:32  SCV x2  
  110  10:37  Refinery x2  
  110  10:43  SCV  
  110  10:44  SCV  
  110  10:47  Factory  
  110  10:49  Factory  
  112  11:06  Barracks  
  112  11:08  SCV x3  
  115  11:13  Sensor Tower  
  115  11:20  SCV x3  
  115  11:32  SCV x3  
  118  11:38  Liberator x2  
  124  11:43  Command Center, Factory Tech Lab x2  
  124  11:44  SCV x3  
  127  11:48  Missile Turret  
  127  11:49  Missile Turret  
  127  11:55  Missile Turret  
  127  11:56  SCV x2  
  127  11:57  SCV  
  130  12:08  SCV  
  131  12:15  Missile Turret  
  131  12:21  Raven  
  133  12:35  SCV x3  
  133  12:47  SCV  
  128  13:02  Planetary Fortress  
  128  13:03  SCV  
  128  13:04  SCV x2  
  131  13:08  Raven x2  
  135  13:16  Armory, SCV x3  
  135  13:19  Ghost Academy, Hellion  
  146  13:20  Ghost Academy, Hellion x3  
  146  13:28  SCV  
  147  13:41  Hellion x4  
  155  13:48  Sensor Tower  
  152  13:51  Raven  
  152  13:53  Raven  
  152  13:55  Corvid Reactor  
  156  14:02  Missile Turret, Hellion  
  164  14:03  Missile Turret, Hellion x3  
  164  14:04  Refinery  
  164  14:05  Refinery  
  164  14:08  Command Center  
  164  14:09  Command Center  
  164  14:24  Hellion x3  
  170  15:08  Raven  
  170  15:10  Hellion  
  170  15:19  Thor x3  
  186  15:23  Planetary Fortress  
  186  15:26  Missile Turret  
  166  15:54  Command Center  
  168  16:01  Battlecruiser  
  168  16:02  Battlecruiser, Thor  
  172  16:56  Thor x2  
  184  17:06  Battlecruiser x2  
  168  17:34  Thor  
  174  17:39  Thor  
  172  17:52  Command Center  
  172  17:53  Thor  
  172  17:54  Command Center  
  178  18:22  Planetary Fortress  
  178  18:26  Medivac  
  178  19:36  Thor x2  
  166  20:01  Viking  
  166  20:04  Viking  
  162  20:31  Viking  
  162  20:34  Viking  
  158  20:59  Hellion  
  158  21:00  Hellion x3  
  158  21:01  Viking  
  168  21:04  Viking  
  161  21:21  Hellion x4  
  161  21:22  Refinery  
  161  21:24  Refinery  
  157  21:31  Viking  
  153  21:34  Viking  
  133  22:00  Hellbat x2  
  186  22:01  Viking  
  107  22:17  Refinery  
  107  22:18  Refinery  
  115  22:24  Thor x2  
  115  22:25  Thor  
  113  22:39  Thor  
  115  22:59  Planetary Fortress  
  115  23:01  Hellion x4  
  115  23:08  Hellion x2  
  119  23:16  Viking x2  
  117  23:31  Thor  
  119  23:34  Hellion x2  
  119  23:35  Hellion  
  125  23:56  Hellion x3  
  128  24:15  Hellion  
  130  24:17  Hellion x3  
  130  24:23  Hellion x4  
  132  24:36  Hellion  
  134  24:38  Hellion  
  134  24:39  Hellion x2  
  128  24:46  Starport Tech Lab  
  124  24:57  Hellion  
  122  25:00  Hellion x3  
  130  25:21  Hellion  
  130  25:38  Thor x2  
  130  25:40  Viking x2  
  126  25:43  Hellion  
  126  25:47  Command Center  
  124  26:04  Hellion  
  124  26:10  Viking x2  
  125  26:21  Thor x2  
  133  26:29  Hellion  
  124  26:40  Viking x2  
  110  27:04  Thor  
  112  27:10  Viking x2  
  111  27:40  Viking x2  
  111  27:42  SCV  
  105  28:00  Thor  
  111  28:10  Viking x2  
  97  28:46  Hellion  
  97  28:47  Hellion x3  
  75  29:08  Hellion x4, Refinery  
  83  29:29  Hellion x4  
  91  29:32  Command Center  
  91  29:46  Viking  
  91  29:51  Hellion x4, Viking  
  98  30:12  Hellion x4  
  106  30:14  Refinery  
  103  30:33  Hellion  
  103  30:34  Hellion x2  
  109  30:55  Hellion x2  
  89  31:16  Hellion x2  
  87  31:37  Hellion  
  87  31:38  Hellion  
  71  31:59  Hellion x2  
  67  32:20  Hellion  
  67  32:21  Hellion  
  71  32:26  Refinery  
  69  32:39  Hellion x2  
  69  32:40  SCV  
  69  32:42  Hellion x2  
  72  32:47  Refinery  
  68  32:52  SCV  
  68  32:54  Hellion x3  
  59  33:00  Hellion  
  59  33:04  SCV  
  52  33:06  Thor x2  
  52  33:07  Factory Tech Lab  
  62  33:16  SCV  
  63  33:22  Hellion  
  65  33:28  SCV  
  58  33:50  Thor  
  58  33:53  Thor  
  60  34:10  Hellion x2  
  62  34:31  Thor  
  62  34:33  Thor  
  74  35:14  Thor  
  74  35:19  Refinery  
  80  35:55  Refinery  
  80  36:40  Thor  
Tags
 
Composition
Lurkers
League
Diamond
Matchup
TvZ
Add a new tag
Caveats
  • Supply blocks, unpowered buildings, or Contaminate may cause inaccurate times.
  • Supply counts are checked every 10 seconds.